 Dungeon Crawl Stone Soup version 0.18.1-8-gdd0e5ea (webtiles) character file.

19 Aquadorian the Magician (level 2, -3/17 HPs)
             Began as an Octopode Wizard on May 30, 2016.
             Slain by a quokka (5 damage)
             ... on level 1 of the Dungeon.
             The game lasted 00:12:16 (1062 turns).

Aquadorian the Magician (Octopode Wizard)           Turns: 1062, Time: 00:12:17

Health: -3/17      AC:  1    Str:  6    XL:     2   Next: 75%
Magic:  3/6        EV: 12    Int: 20    God:
Gold:   43         SH:  0    Dex: 10    Spells: 1 memorised, 6 levels left

rFire  . . .     SeeInvis .     (no weapon)
rCold  . . .     Gourm    .     (no shield)
rNeg   . . .     Faith    .     a - +0 hat
rPois  .         Spirit   .     (no amulet)
rElec  .         Dismiss  .     (no ring)
rCorr  .         Reflect  .     (no ring)
SustAt .         Harm     .     (no ring)
MR     .....                    (no ring)
Stlth  +++.......               (no ring)
                                (no ring)
                                (no ring)
                                (no ring)

@: not resistant to hostile enchantments, fairly stealthy
A: almost no armour, amphibious, 8 rings, constrict 8, camouflage 1, gelatinous
body 1
a: no special abilities


You were on level 1 of the Dungeon.
You were not hungry.

You visited 1 branch of the dungeon, and saw 1 of its levels.

You collected 43 gold pieces.

Inventory:

Hand Weapons
 k - a +0 hunting sling
Armour
 a - a +0 hat (worn)
Scrolls
 d - 2 scrolls of magic mapping {unknown}
 e - a scroll of immolation {unknown}
 h - a scroll of amnesia {unknown}
 i - 2 scrolls of blinking {unknown}
 j - a scroll of enchant armour {unknown}
 m - a scroll of remove curse {unknown}
Potions
 f - a potion of curing {unknown}
 g - a potion of brilliance {unknown}
Books
 b - a book of Minor Magic

   Spells                             Type                      Level
   a - Magic Dart                     Conjuration                  1
   b - Blink                          Translocation                2
   c - Call Imp                       Summoning                    2
   d - Repel Missiles                 Charms/Air                   2
   e - Slow                           Hexes                        2
   f - Conjure Flame                  Conjuration/Fire             3
   g - Mephitic Cloud                 Conjuration/Poison/Air       3
Comestibles
 c - a bread ration
 l - 3 chunks of flesh


   Skills:
 + Level 2.1 Dodging
 + Level 2.9 Stealth
 + Level 3.4 Spellcasting
 + Level 1.4 Conjurations
   Level 1.0 Summonings
   Level 1.0 Translocations


You had 6 spell levels left.
You knew the following spells:

 Your Spells              Type           Power        Failure   Level  Hunger
a - Magic Dart            Conj           #...         10%         1    None


Dungeon Overview and Level Annotations

Branches:
Dungeon (1/15)

Altars:


Innate Abilities, Weirdness & Mutations

You cannot wear most types of armour.
You are amphibious.
You can wear up to eight rings at the same time.
You can use your tentacles to constrict eight enemies at once.
Your skin changes colour to match your surroundings (Stealth).
Your rubbery body absorbs attacks (AC +1).


Message History

The quokka is severely wounded.
The quokka completely misses you.
Casting: Magic Dart
Confirm with . or Enter, or press ? or * to list all spells.
Aiming: Magic Dart
Press: ? - help, Shift-Dir - straight line, f/p - quokka
Aim: a quokka (severely wounded)
The magic dart hits the quokka.
The quokka is severely wounded.
The quokka bites you.
* * * LOW HITPOINT WARNING * * *
Casting: Magic Dart
Confirm with . or Enter, or press ? or * to list all spells.
Aiming: Magic Dart
Press: ? - help, Shift-Dir - straight line, f/p - quokka
Aim: a quokka (severely wounded)
The magic dart hits the quokka.
The quokka is severely wounded.
The quokka bites you.
You die...

#.##.# #.# ##.###...#....# ###'##
...#.# #.# #......)##..## #≈.≈#
.....# #.# #####....### ######
.....# #.# ##...# #...≈.. .....#
#.# ####.## #......≈ ...#.# #.###
#....# #.≈..≈.≈ .....# ...#
#.#### ##...≈≈. .....#####.## #.#
####### ............####@####
#.... .))#.#####......r...#
#.....(# #.#####)##.##########.
#......###.# #.##............
....#......#####.##..##(....#####
.......##............##.##.....#.
.......##...[...........##.###.#.
...........>..#####.....##.....#.
...........#### #....)##.###...


You could see a quokka.

Vanquished Creatures
  2 giant cockroaches (D:1)
  3 goblins (D:1)
  A hobgoblin (D:1)
  5 kobolds (D:1)
  4 bats (D:1)
  3 rats (D:1)
18 creatures vanquished.

Notes
Turn   | Place    | Note
--------------------------------------------------------------
     0 | D:1      | Aquadorian the Octopode Wizard began the quest for the Orb.
     0 | D:1      | Reached XP level 1. HP: 11/11 MP: 4/4
   281 | D:1      | Reached XP level 2. HP: 16/17 MP: 0/6
  1062 | D:1      | Slain by a quokka

Action                   || total
-------------------------++-------
Melee: Unarmed           ||    16
       Constrict         ||     6
       Tentacles         ||     5
 Cast: Magic Dart        ||    35
Armor: Skin              ||     2
Dodge: Dodged            ||    10
